Map: Prion Terraces

Players

LilDicky

  • Race: Terran Terran
  • League: Diamond

oLusto - Winner!

  • Race: Zerg Zerg
  • League: Platinum

VOD

http://www.twitch.tv/tumescentpie

Description

Time

  • Played on: Dec. 7, 2015, 10 a.m.
  • Length: 7:53
Show
View Real Time Build Order
Export as new Build Order

LilDicky Terran 

Build Orders: Liberator Opening 

Get SALT Encoding   

  12  0:04  SCV  
  13  0:16  SCV  
  13  0:20  Supply Depot  
  14  0:29  SCV  
  15  0:38  Refinery  
  15  0:42  SCV  
  16  0:45  Barracks  
  16  0:54  SCV  
  17  0:57  Refinery  
  17  1:06  SCV  
  18  1:18  SCV  
  19  1:31  Marine  
  19  1:32  Supply Depot, Orbital Command  
  20  1:41  Factory  
  20  1:55  Barracks Reactor  
  20  1:59  SCV  
  21  2:03  Supply Depot  
  21  2:11  SCV  
  22  2:23  SCV  
  23  2:35  Armory, SCV  
  23  2:36  Factory Tech Lab, Starport  
  24  2:38  Marine  
  25  2:47  Marine  
  26  2:53  SCV  
  26  2:56  Marine  
  28  3:03  Supply Depot  
  29  3:05  SCV, Marine  
  30  3:31  Thor, Medivac  
  37  3:35  Marine x2  
  37  3:40  SCV  
  40  3:44  Supply Depot  
  40  3:49  Liberator  
  40  3:52  SCV  
  40  3:53  Marine x2  
  43  3:58  Supply Depot  
  43  4:05  SCV  
  47  4:10  Marine  
  47  4:11  Marine  
  49  4:18  SCV  
  50  4:24  Siege Tank  
  50  4:28  Marine x2  
  37  5:08  Thor  
  37  5:10  Medivac  
  45  5:20  SCV  
  46  5:22  Command Center  
  46  5:24  Marine, Liberator  
  46  5:25  Marine  
  48  5:39  Command Center  
  48  5:42  Marine x2  
  53  6:10  Supply Depot  
  52  6:13  SCV  
  53  6:20  Siege Tank  
  17  7:25  Orbital Command  
  17  7:30  Starport Tech Lab  
Show
View Real Time Build Order
Export as new Build Order

oLusto Zerg - Winner!

Build Orders: Pool First, Ravager All-In 

Get SALT Encoding   

  12  0:01  Drone  
  13  0:12  Overlord  
  13  0:20  Drone  
  14  0:24  Extractor  
  14  0:25  Drone  
  14  0:32  Drone  
  15  0:37  Drone  
  16  0:49  Spawning Pool  
  15  0:52  Drone  
  16  1:20  Hatchery, Drone  
  16  1:36  Zergling x4  
  16  1:37  Zergling x2  
  19  1:40  Metabolic Boost  
  19  1:53  Queen  
  21  2:00  Overlord  
  21  2:04  Drone  
  22  2:21  Drone x2  
  24  2:33  Drone x2  
  24  2:37  Roach Warren, Extractor  
  24  2:42  Drone  
  24  2:44  Drone  
  26  3:04  Overlord  
  26  3:17  Overlord  
  26  3:30  Roach x6  
  38  3:36  Roach  
  38  3:39  Roach  
  42  3:42  Overlord  
  44  3:48  Roach  
  44  3:51  Roach  
  46  3:56  Overlord  
  46  4:17  Ravager x3  
  48  4:19  Ravager x2  
  48  4:21  Zergling x10  
  48  4:22  Zergling x2  
  56  4:36  Zergling x6  
  57  4:51  Roach  
  59  4:58  Roach  
  59  4:59  Roach  
  44  5:12  Drone x5  
  49  5:18  Lair  
  49  5:34  Drone x3  
  52  5:45  Hatchery  
  52  5:46  Ravager x2  
  52  5:48  Ravager x2  
  55  5:53  Queen  
  57  6:00  Overlord  
  57  6:01  Drone  
  58  6:13  Drone x2  
  61  6:32  Roach x2  
  61  6:33  Roach x2  
  61  6:37  Zergling x8  
  63  6:40  Zergling x4  
  63  6:44  Zergling x2  
  62  6:48  Zergling x2  
  57  6:55  Zergling x2  
  57  6:58  Zergling x4  
  51  7:06  Zergling x2  
  51  7:08  Zergling x4  
  47  7:18  Roach x2  
  47  7:21  Drone  
Tags
 
Add a new tag
Caveats
  • Supply blocks, unpowered buildings, or Contaminate may cause inaccurate times.
  • Supply counts are checked every 10 seconds.